 Dungeon Crawl Stone Soup version 0.32-a0-571-gec57dfcd37 (webtiles) character file.

Game seed: 17030502240633525114

28607 BeKind the Blocker (level 13, -3/107 HPs)
             Began as a Minotaur Berserker on Feb 29, 2024.
             Was a High Priest of Trog.
             Shot with an arrow by a centaur warrior (19 damage)
             ... on level 14 of the Dungeon.
             The game lasted 00:26:05 (15530 turns).

BeKind the Blocker (Minotaur Berserker)            Turns: 15530, Time: 00:26:06

Health: -3/107     AC: 10    Str: 28    XL:     13   Next: 10%
Magic:  12/12      EV: 15    Int:  4    God:    Trog [*****.]
Gold:   1084       SH: 12    Dex: 12    Spells: 12/12 levels left

rFire   + + .        g - +9 scimitar "Tistraa" {heavy, +Blink rF- rN++ Dex+3}
rCold   x . .        l - +0 kite shield
rNeg    + + .        K - +0 troll leather armour
rPois   +            (helmet restricted)
rElec   .            (no cloak)
rCorr   .            H - +0 pair of gloves
SInv    +            (no boots)
Will    .....        J - amulet of regeneration
Stlth   +            k - +4 ring of protection
HPRegen 1.97/turn    N - ring "Jynuceon" {*Corrode rPois rF+++ rC- SInv}
MPRegen 0.13/turn

%: corrode self (3%)
@: on berserk cooldown, slowed, studying Staves, very slow
A: horns 2, retaliatory headbutt, frail 1, subdued magic 1, inability to drink
after injury 1
a: Renounce Religion, Evoke Blink, Berserk, Trog's Hand, Brothers in Arms


You were on level 14 of the Dungeon.
You worshipped Trog.
Trog was extremely pleased with you.
You visited 1 branch of the dungeon, and saw 14 of its levels.
You visited the Abyss 1 time.
You also visited: Bailey.

You collected 1084 gold pieces.

Inventory:

Hand Weapons
 g - the +9 scimitar "Tistraa" (weapon) {heavy, +Blink rF- rN++ Dex+3}
   (You found it in a bailey)

   Dex+3:     It affects your dexterity (+3).
   rF-:       It makes you vulnerable to fire.
   rN++:      It greatly protects you from negative energy.
   +Blink:    It lets you blink.
Armour
 l - a +0 kite shield (worn)
 G - a +0 plate armour
 H - a +0 pair of gloves (worn)
 K - a +0 troll leather armour (worn)
 O - +0 acid dragon scales
Jewellery
 k - a +4 ring of protection (left hand)
 y - a ring of flight
 C - a ring of protection from cold
 J - an amulet of regeneration (around neck)
 N - the ring "Jynuceon" (right hand) {*Corrode rPois rF+++ rC- SInv}
   (You took it off an orc on level 11 of the Dungeon)

   [ring of see invisible]

   rF+++:     It renders you almost immune to fire.
   rC-:       It makes you vulnerable to cold.
   rPois:     It protects you from poison SInv: It lets you see invisible.
   *Corrode:  It may corrode you when you take damage.
Talismans
 z - a dragon-blood talisman
Wands
 a - a wand of light (3)
 u - a wand of roots (34)
 x - a wand of mindburst (23)
 A - a wand of flame (23)
 B - a wand of polymorph (3)
Scrolls
 b - a scroll of immolation
 d - 2 scrolls of torment
 e - 2 scrolls of revelation
 h - a scroll of amnesia
 i - a scroll of fear
 j - 2 scrolls of enchant armour
 n - 3 scrolls of poison
 q - a scroll of vulnerability
 v - 2 scrolls of blinking
 P - a scroll of enchant weapon
Potions
 c - a potion of experience
 f - 4 potions of curing {unknown}
 m - a potion of brilliance {unknown}
 o - 3 potions of attraction {unknown}
 p - 2 potions of enlightenment {unknown}
 r - 2 potions of might
 s - 2 potions of degeneration {unknown}
 t - 3 potions of heal wounds {unknown}
 w - 4 potions of mutation {unknown}
 D - 3 potions of invisibility {unknown}
 E - 2 potions of cancellation {unknown}
 I - a potion of haste {unknown}
 Q - a potion of lignification {unknown}
Miscellaneous
 L - a lightning rod (4/4)
 M - a phantom mirror


   Skills:
 + Level 12.7 Fighting
 + Level 12.6 Long Blades
 + Level 12.2 Armour
 + Level 10.3 Dodging
 + Level 13.0 Shields


You had 12 spell levels left.
You didn't know any spells.
Your spell library contained the following spells:

 Spells                   Type           Power      Damage    Failure   Level
 Ensorcelled Hibernation  Hex/Ice        0%         N/A       77%         2
 Plasma Beam              Fire/Air       0%         2x1d10    100%        6
 Ignition                 Fire           0%         3d3       100%        8


Dungeon Overview and Level Annotations

Branches:
Dungeon (15/15)            Temple (0/1) D:5            Lair (0/5) D:10
    Orc (0/2) D:10         Bailey (visited)
 Vaults: D:13-14     Depths: D:15

Altars:
Cheibriados
Gozag
Kikubaaqudgha
Okawaru

Shops:
D:3 =

Annotations:
D:12 4 transporters
D:14 Louise


Innate Abilities, Weirdness & Mutations

You have a pair of horns on your head.
You reflexively headbutt those who attack you in melee.
You are frail. (-10% HP)
Your spells are a little easier to cast, but a little less powerful.
You occasionally lose the ability to drink potions when taking damage.


Message History

You pass through the gate.
Welcome back to the Dungeon!
Level annotation: Louise The centaur shoots an arrow.
You block the arrow. The centaur hits you. You block the centaur's attack.
Louise barely misses you. You furiously retaliate!
You headbutt Louise!
The centaur shoots an arrow.
The arrow closely misses you.
The arrow barely misses the centaur.
You block the centaur's attack. The centaur barely misses you.
Louise misses you.
The centaur shoots an arrow.
The arrow hits you. The centaur barely misses you.
The centaur kicks you but does no damage.
Unknown command.
As you read the scroll of fear, it crumbles to dust.
You assume a fearsome visage.
Louise looks frightened!
The centaur looks frightened! x2
Louise casts a spell.
Louise blinks!
The centaur shouts!
The centaur warrior wields a +0 orcbow.
The centaur warrior shoots an arrow.
The arrow closely misses you.
The centaur wields a +0 orcbow.
The centaur shoots an arrow.
You block the arrow.
The centaur warrior shoots an arrow.
The arrow hits you!
As you read the scroll of teleportation, it crumbles to dust.
You feel strangely unstable.
The centaur shoots an arrow.
The arrow barely misses you.
The centaur warrior shoots an arrow.
The arrow hits you!!
* * * LOW HITPOINT WARNING * * *
Your surroundings suddenly seem different.
The centaur warrior unwields a +0 orcbow.
You block the centaur warrior's attack. x3
The centaur warrior kicks you but does no damage.
The cyclops throws a large rock.
The large rock hits you!!
* * * LOW HITPOINT WARNING * * *
Blink to where?
Press: ? - help, Dir - move target
As you read the scroll of blinking, it crumbles to dust.
The centaur unwields a +0 orcbow.
The centaur closely misses you. The centaur barely misses you.
The centaur warrior wields a +0 orcbow.
The centaur warrior shoots an arrow.
The arrow hits you!!
You die...

#=........#..#......
@...................
....................
.....##§# .........
.......c####.......
.....##.).##.....
.... ##...#..# ...
###..§$# .# #.@>##
###c.# #..# #..#
#..# #..# ####


You could see a centaur warrior and a centaur.

Vanquished Creatures
  A lich (Abyss:4)
  A tentacled starspawn (Abyss:5)
  A draconian scorcher (Abyss:5)
  A rakshasa (Abyss:4)
  An ogre mage (D:15)
  A centaur warrior (D:14)
  A boulder beetle (D:12)
  6 two-headed ogres
  A deep troll earth mage (D:15)
  An arcanist (D:15)
  An obsidian statue (D:11)
  4 large abominations
  Pikel (D:7)
  2 deep elf pyromancers
  A cyclops (D:10)
  A manticore (D:11)
  A smoke demon (Abyss:4)
  A gargoyle (D:12)
  Jeremiah (D:7)
  3 kobold demonologists
  2 komodo dragons (D:12)
  4 trolls
  A tengu conjurer (D:15)
  Prince Ribbit (D:5)
  A hornet (D:9)
  3 wyverns
  A vampire (D:10)
  3 wraiths
  2 humans (D:8)
  2 steam dragons
  9 yaks
  A warg (shapeshifter) (D:15)
  Menkaure (D:6)
  A basilisk (D:10)
  A small abomination (Abyss:4)
  Eustachio (D:6)
  A neqoxec (Abyss:3)
  Edmund (D:6)
  2 acid dragons
  A water moccasin (D:7)
  15 orc warriors
  Duvessa (D:5)
  2 black bears
  2 ice beasts (D:6)
  A laughing skull (D:15)
  2 ogres (D:5)
  8 starcursed masses
  8 centaurs
  2 kobold brigands (D:8)
  6 phantoms
  Blork the orc (D:6)
  5 bullfrogs
  4 scorpions
  Dowan (D:5)
  21 killer bees
  3 electric eels (Bailey)
  2 hounds (D:6)
  A jelly (D:3)
  A gnoll bouda (D:5)
  12 orc priests
  2 sleepcaps
  5 iguanas
  17 orc wizards
  11 gnolls
  7 adders
  A shadow imp (D:6)
  2 white imps (D:8)
  2 ufetubi (D:6)
  4 dart slugs
  3 ribbon worms
  59 orcs
  7 endoplasms
  3 giant cockroaches
  14 goblins
  11 hobgoblins
  9 jackals
  8 quokkas
  7 ball pythons
  3 bats
  3 frilled lizards
  18 kobolds
  6 rats
370 creatures vanquished.

Vanquished Creatures (others)
  An orc wizard (D:9)
  2 starspawn tentacles (Abyss:5)
3 creatures vanquished.

Grand Total: 373 creatures vanquished

Notes
Turn   | Place    | Note
-------+----------+-------------------------------------------
     0 | D:1      | BeKind the Minotaur Berserker began the quest for the Orb.
     0 | D:1      | Reached XP level 1. HP: 19/19 MP: 0/0
   160 | D:1      | Reached XP level 2. HP: 20/27 MP: 1/1
   788 | D:1      | Found a faded altar of an unknown god.
  1162 | D:2      | Reached XP level 3. HP: 33/33 MP: 2/2
  1409 | D:2      | Reached skill level 1 in Shields
  1483 | D:2      | Reached ** piety under Trog
  1793 | D:2      | Reached XP level 4. HP: 40/40 MP: 3/3
  1970 | D:3      | Reached skill level 2 in Shields
  2293 | D:3      | Noticed a scorpion
  2298 | D:3      | Killed a scorpion
  2299 | D:3      | Reached skill level 3 in Shields
  2299 | D:3      | Reached XP level 5. HP: 47/47 MP: 4/4
  2426 | D:3      | Found Wouger's Jewellery Shoppe.
  2692 | D:4      | Found a snail-covered altar of Cheibriados.
  2799 | D:4      | Reached XP level 6. HP: 55/55 MP: 5/5
  3128 | D:4      | Reached skill level 5 in Fighting
  3131 | D:4      | Reached skill level 5 in Long Blades
  3136 | D:4      | Reached skill level 4 in Shields
  3521 | D:5      | Entered Level 5 of the Dungeon
  3535 | D:5      | Reached *** piety under Trog
  3624 | D:5      | Noticed Prince Ribbit
  3634 | D:5      | Killed Prince Ribbit
  3635 | D:5      | Reached skill level 5 in Shields
  3635 | D:5      | Reached XP level 7. HP: 62/62 MP: 6/6
  3791 | D:5      | Noticed a two-headed ogre
  3800 | D:5      | Killed a two-headed ogre
  3801 | D:5      | Reached skill level 5 in Armour
  3801 | D:5      | Reached skill level 7 in Shields
  3801 | D:5      | Reached XP level 8. HP: 71/71 MP: 7/7
  3898 | D:5      | Found a staircase to the Ecumenical Temple.
  4381 | D:5      | Found an ancient bone altar of Kikubaaqudgha.
  4481 | D:5      | Noticed Duvessa
  4481 | D:5      | Noticed Dowan
  4486 | D:5      | Killed Dowan
  4487 | D:5      | Reached skill level 8 in Shields
  4490 | D:5      | Killed Duvessa
  4495 | D:5      | Reached XP level 9. HP: 79/79 MP: 8/8
  5271 | D:6      | Noticed Blork the orc
  5280 | D:6      | Killed Blork the orc
  5370 | D:6      | Noticed Eustachio
  5382 | D:6      | Killed Eustachio
  6003 | D:6      | Identified the +0 helmet "Ixujuas" {+Inv MP+9}
  6075 | D:6      | Noticed Edmund
  6085 | D:6      | Killed Edmund
  6086 | D:6      | Reached skill level 5 in Dodging
  6367 | D:7      | Noticed Jeremiah
  6367 | D:7      | Noticed Menkaure
  6897 | D:6      | Killed Menkaure
  6898 | D:6      | Reached skill level 9 in Shields
  7285 | D:7      | Noticed Pikel
  7297 | D:7      | Killed Pikel
  7298 | D:7      | Reached XP level 10. HP: 90/90 MP: 9/9
  7862 | D:7      | Killed Jeremiah
  8055 | D:7      | Identified the +1 dagger of Moral Flaws {flame, Int+4}
  8274 | D:8      | Reached **** piety under Trog
  8295 | D:8      | Found an iron altar of Okawaru.
  8656 | D:8      | Found a flagged portal.
  8675 | Bailey   | Entered a bailey
  9507 | Bailey   | Reached skill level 10 in Shields
 10384 | Bailey   | Found an iron altar of Okawaru.
 10485 | Bailey   | Identified the +7 war axe "Rymuloh" {venom, Int+2}
 10486 | Bailey   | Identified the +9 scimitar "Tistraa" {heavy, +Blink rF-
                  | rN++ Dex+3}
 11012 | D:9      | Reached skill level 10 in Fighting
 11015 | D:9      | Reached XP level 11. HP: 36/99 MP: 10/10
 11025 | D:9      | Reached skill level 10 in Long Blades
 12085 | D:9      | Noticed a two-headed ogre
 12100 | D:9      | Killed a two-headed ogre
 12126 | D:9      | Noticed a two-headed ogre
 12156 | D:10     | Entered Level 10 of the Dungeon
 12486 | D:10     | Killed a two-headed ogre
 12487 | D:10     | Reached skill level 10 in Armour
 12491 | D:10     | Reached skill level 11 in Shields
 12751 | D:10     | Noticed a two-headed ogre
 12789 | D:10     | Killed a two-headed ogre
 12862 | D:10     | Found a staircase to the Orcish Mines.
 12998 | D:10     | Found a staircase to the Lair.
 13899 | D:11     | Noticed a two-headed ogre
 13910 | D:11     | Killed a two-headed ogre
 14171 | D:11     | Noticed an obsidian statue
 14325 | D:11     | Reached XP level 12. HP: 92/110 MP: 11/11
 14576 | D:11     | Identified the ring "Jynuceon" {*Corrode rPois rF+++ rC-
                  | SInv}
 14617 | D:11     | Got the Volume of Frostbitten Conflagration
 14831 | D:12     | Noticed a two-headed ogre
 14841 | D:12     | Killed a two-headed ogre
 14894 | D:12     | Found a transporter.
 14899 | D:12     | Found a transporter.
 14920 | D:12     | Found a transporter.
 14927 | D:12     | Found a transporter.
 14932 | D:12     | Noticed a boulder beetle
 14945 | D:12     | Reached skill level 12 in Shields
 14947 | D:12     | Killed a boulder beetle
 15005 | D:12     | You fall into a shaft and drop 3 floors!
 15005 | D:15     | Entered Level 15 of the Dungeon
 15084 | D:15     | Noticed an ogre mage
 15086 | D:15     | Noticed a deep troll earth mage
 15091 | D:15     | Killed an ogre mage
 15097 | D:15     | Killed a deep troll earth mage
 15164 | D:15     | Found an opulent altar of Gozag.
 15225 | D:14     | Noticed a centaur warrior
 15226 | D:14     | Noticed Louise
 15229 | D:14     | Noticed a centaur warrior
 15234 | D:14     | Killed a centaur warrior
 15245 | Abyss:2  | Cast into level 2 of the Abyss (Louise)
 15257 | Abyss:3  | Gained mutation: You are frail. (-10% HP) [a neqoxec]
 15258 | Abyss:3  | Gained mutation: You occasionally lose the ability to drink
                  | potions when taking damage. [a neqoxec]
 15260 | Abyss:3  | Gained mutation: Your spells are a little easier to cast,
                  | but a little less powerful. [a neqoxec]
 15267 | Abyss:3  | Noticed a starcursed mass
 15286 | Abyss:3  | Found a roughly hewn altar of Beogh.
 15355 | Abyss:4  | Noticed a lich
 15361 | Abyss:4  | Killed a lich
 15395 | Abyss:4  | Noticed a rakshasa
 15404 | Abyss:4  | Killed a rakshasa
 15405 | Abyss:4  | Reached skill level 10 in Dodging
 15420 | Abyss:4  | Noticed a lorocyproca
 15432 | Abyss:5  | Noticed a red draconian scorcher
 15443 | Abyss:5  | Killed a red draconian scorcher
 15443 | Abyss:5  | Reached ***** piety under Trog
 15485 | Abyss:5  | Noticed a tentacled starspawn
 15492 | Abyss:5  | Noticed a starcursed mass
 15497 | Abyss:5  | Killed a tentacled starspawn
 15498 | Abyss:5  | Reached XP level 13. HP: 61/107 MP: 12/12
 15501 | Abyss:5  | Paralysed by accursed screaming for 1 turns
 15512 | Abyss:5  | Reached skill level 13 in Shields
 15522 | D:14     | Escaped the Abyss
 15530 | D:14     | Shot with an arrow by a centaur warrior

Illustrated notes

Levels and vault maps discovered:
D:1:      dpeg_arrival_boxorama, layout_basic, chequers_ecumenical_altar_lobes,
          serial_park_tiny_1, chequers_serial_rivers_micro_c,
          serial_park_tiny_pond, minmay_split_cup_small
D:2:      minmay_door_path, layout_loops_cross
D:3:      layout_basic, serial_shops, nicolae_shop_tiny_real_fake_doors,
          chequers_serial_rivers_micro_a
D:4:      layout_rooms, nicolae_overflow_hidden_temple
D:5:      layout_basic, kennysheep_mini, minmay_temple_entry_waves,
          minmay_manual_mess, uniq_prince_ribbit1, uniq_duvessa
D:6:      layout_gridville, chequers_serial_rivers_small_b, uniq_eustachio,
          uniq_edmund, uniq_blork_the_orc
D:7:      layout_rooms, serial_bayou_pond_c, uniq_jeremiah, uniq_menkaure,
          uniq_pikel
D:8:      layout_basic, okawaru_humans, enter_bailey_3, minivault_23,
          ebering_dispersal_statue_hall
D:9:      nzn_winding_woodlands_large [nzn_winding_woodlands_5x5_open_star,
          nzn_winding_woodlands_5x15_sawtooth, nzn_winding_woodlands_hourglass,
          nzn_winding_woodlands_center_garden,
          nzn_winding_woodlands_15x15_eel_pit,
          nzn_winding_woodlands_center_pierced_h,
          nzn_winding_woodlands_5x5_perimeter,
          nzn_winding_woodlands_5x15_default, nzn_winding_woodlands_5x5_three],
          layout_long_grid
D:10:     layout_stronghold, david_lair_generic, david_orc_4,
          serial_library_hellmonk_h_bend
D:11:     statuecave_lemuel, layout_rooms
D:12:     layout_basic, serial_nicolae_subway, nicolae_sub_station_metal,
          nicolae_sub_station_crystal, nicolae_sub_station_stone
D:14:     layout_rooms, grunt_vaults_entry_tiered, kennysheep_nondescript,
          uniq_louise, uniq_kirke
D:15:     hellmonk_depths_entry_around_the_bend, layout_rooms,
          gauntlet_entry_generic, nicolae_gozag_seed_capital

Skill      XL: |  1  2  3  4  5  6  7  8  9 10 11 12 13 |
---------------+----------------------------------------+-----
Fighting       | 4 5 6 7 8 10 11 12 | 12.7
Long Blades    | 4 5 6 7 8 9 11 12 | 12.6
Armour         | 3 4 5 6 7 9 10 12 | 12.2
Shields        | 1 3 5 7 8 9 10 11 12 13 | 13.0
Dodging        | 3 5 7 8 10 | 10.3

Action                     |  1- 3 |  4- 6 |  7- 9 | 10-12 | 13-15 || total
---------------------------+-------+-------+-------+-------+-------++-------
  Melee: Falchion          |    86 |   134 |   170 |       |       ||   390
         Headbutt          |     8 |    18 |    49 |    94 |     2 ||   171
         Long sword        |       |       |    60 |   208 |       ||   268
         Scimitar          |       |       |       |   318 |    12 ||   330
 Invoke: Berserk           |     3 |     7 |    12 |    32 |       ||    54
    Use: Scroll            |       |       |     5 |    11 |     3 ||    19
         Potion            |       |       |       |     1 |       ||     1
 Armour: Animal skin       |    74 |     8 |       |       |       ||    82
         Chain mail        |       |    85 |   240 |    28 |       ||   353
         Plate armour      |       |       |       |   302 |       ||   302
         Troll leather arm |       |       |       |   201 |    13 ||   214
  Dodge: Dodged            |    63 |    64 |   118 |   237 |    13 ||   495
  Block: Kite shield       |       |    15 |   170 |   332 |    12 ||   529

Table legend: (Time is in decaauts)
 A = Elapsed time spent in this place.
 B = Non-inter-level travel time spent in this place.
 C = Inter-level travel time spent in this place.
 D = Time resting spent in this place.
 E = Time spent auto-exploring this place.
 F = Levels seen in this place.
 G = Mean time per level.
                   A        B        C        D        E       F      G
               +--------+--------+--------+--------+--------+-----+--------+
         Total |  16152 |  15383 |    769 |   6498 |   6190 |  19 |  850.1 |
       Dungeon |  13902 |  13133 |    769 |   4994 |   6043 |  14 |  993.0 |
         Abyss |    307 |    307 |      0 |     16 |     86 |   4 |   76.8 |
        Bailey |   1942 |   1942 |      0 |   1487 |     60 |   1 | 1942.0 |
               +--------+--------+--------+--------+--------+-----+--------+

Top non-repeatable levels by time:
     D:6: 2130 daAuts
     D:5: 1967 daAuts
  Bailey: 1942 daAuts
    D:10: 1835 daAuts
     D:8: 1276 daAuts
     D:1: 1077 daAuts
     D:4: 1068 daAuts
     D:2: 916 daAuts
    D:11: 870 daAuts
     D:9: 849 daAuts
     D:7: 772 daAuts
     D:3: 586 daAuts
    D:12: 276 daAuts
    D:15: 203 daAuts
 Abyss:5: 109 daAuts
